 Dungeon Crawl Stone Soup version 0.31-a0-354-g827e0957a7 (webtiles) character file.

Game seed: 2581417913493958055

849 Essalna the Gusty (level 8, 0/48 HPs)
             Began as a Tengu Air Elementalist on July 24, 2023.
             Was an Initiate of Vehumet.
             Slain by a troll (2 damage)
             ... on level 6 of the Dungeon.
             The game lasted 00:08:31 (5596 turns).

Essalna the Gusty (Tengu Air Elementalist)          Turns: 5596, Time: 00:08:32

Health: 0/48       AC:  5    Str:  9    XL:     8   Next: 1%
Magic:  2/12       EV: 14    Int: 24    God:    Vehumet [......]
Gold:   207        SH:  0    Dex: 14    Spells: 5/11 levels left

rFire   . . .        i - +1 mace (protect)
rCold   . . .        (no shield)
rNeg    . . .        a - +0 robe
rPois   .            p - +2 hat
rElec   .            (no cloak)
rCorr   +            q - +0 pair of gloves
SInv    .            (boots unavailable)
Will    .....        j - amulet of the acrobat
Stlth   ++           g - ring of resist corrosion
HPRegen 0.28/turn    n - +6 ring of intelligence
MPRegen 0.13/turn

%: acrobat
@: flying quickly and evasively, quick
A: beak, talons 3, nimble flight
a: Renounce Religion


You were on level 6 of the Dungeon.
You worshipped Vehumet.
Vehumet was noncommittal.
You visited 2 branches of the dungeon, and saw 7 of its levels.

You collected 207 gold pieces.

Inventory:

Hand Weapons
 i - a +1 mace of protection (weapon)
 m - a +1 dagger of electrocution
Missiles
 w - a throwing net
Armour
 a - a +0 robe (worn)
 p - a +2 hat (worn)
 q - a +0 pair of gloves (worn)
Jewellery
 g - a ring of resist corrosion (left hand)
 j - an amulet of the acrobat (around neck)
 n - a +6 ring of intelligence (right hand)
Wands
 o - a wand of polymorph (18)
Scrolls
 b - a scroll of amnesia {unknown}
 f - 4 scrolls of teleportation
 h - 4 scrolls of identify
 l - a scroll of noise {unknown}
 u - a scroll of butterflies {unknown}
 v - a scroll of revelation {unknown}
Potions
 c - a potion of lignification {unknown}
 d - 2 potions of might {unknown}
 e - a potion of heal wounds {unknown}
 k - 2 potions of resistance {unknown}
 r - a potion of brilliance {unknown}
 s - a potion of ambrosia {unknown}
 t - a potion of curing {unknown}


   Skills:
 + Level 4.9 Fighting
 - Level 2.1 Dodging
 - Level 2.0 Stealth
 - Level 2.0 Spellcasting
 + Level 6.6 Conjurations
 + Level 7.6 Air Magic


You had 5 spell levels left.
You knew the following spells:

 Your Spells              Type           Power      Damage    Failure   Level
a - Shock                 Conj/Air       100%       1d9       1%          1
b - Static Discharge      Conj/Air       72%        2-5/arc   1%          2
c - Swiftness             Air            39%        N/A       1%          3

Your spell library contained the following spells:

 Spells                   Type           Power      Damage    Failure   Level
 Airstrike                Air            19%        2d(3-19)  5%          4
 Cigotuvi's Dreadful Rot  Necr/Pois/Air  28%        N/A       6%          2
 Lesser Beckoning         Tloc           4%         N/A       19%         2
 Scorch                   Fire           4%         2d5       19%         2
 Flame Wave               Conj/Fire      18%        2d7       30%         4
 Gell's Gravitas          Tloc           2%         N/A       34%         3
 Teleport Other           Tloc           2%         N/A       34%         3
 Dispel Undead            Necr           2%         3d7       75%         4
 Death Channel            Necr           1%         N/A       100%        6
 Summon Cactus Giant      Summ           1%         N/A       100%        6


Dungeon Overview and Level Annotations

Branches:
Dungeon (6/15)             Temple (1/1) D:6

Altars:
Elyvilon
Fedhas
Gozag
Hepliaklqana
Makhleb
Nemelex Xobeh
Qazlal
Ru
Sif Muna
Trog
Uskayaw
Vehumet
Wu Jian
Zin

Shops:
D:4 =(**


Innate Abilities, Weirdness & Mutations

You have a beak for a mouth.
You have claws for feet.
Your magical nature lets you fly swiftly and evasively.


Message History

Aim: a troll (heavily wounded, 74% to hit)
The zap hits the troll but does no damage.
The troll is heavily wounded.
The troll completely misses you. The troll claws you but does no damage.
The troll claws you.
Casting: Shock (safe; 1% risk of failure)
Confirm with . or Enter, or press ? or * to list all spells.
Aiming: Shock (safe; 1% risk of failure)
Press: ? - help, Shift-Dir - straight line, f/p - troll
Aim: a troll (moderately wounded, 74% to hit)
The zap hits the troll.
The troll is heavily wounded.
The troll closely misses you. The troll claws you. The troll barely misses you.
Casting: Shock (safe; 1% risk of failure)
Confirm with . or Enter, or press ? or * to list all spells.
Aiming: Shock (safe; 1% risk of failure)
Press: ? - help, Shift-Dir - straight line, f/p - troll
Aim: a troll (heavily wounded, 74% to hit)
The zap hits the troll.
The troll is heavily wounded.
The troll misses you. The troll closely misses you. x2
Casting: Shock (safe; 1% risk of failure)
Confirm with . or Enter, or press ? or * to list all spells.
Aiming: Shock (safe; 1% risk of failure)
Press: ? - help, Shift-Dir - straight line, f/p - troll
Aim: a troll (heavily wounded, 74% to hit)
The zap misses the troll.
The troll bites you! The troll barely misses you. The troll claws you!
* * * LOW HITPOINT WARNING * * *
Casting: Shock (safe; 1% risk of failure)
Confirm with . or Enter, or press ? or * to list all spells.
Aiming: Shock (safe; 1% risk of failure)
Press: ? - help, Shift-Dir - straight line, f/p - troll
Aim: a troll (heavily wounded, 74% to hit)
The zap hits the troll!
The troll is severely wounded.
The troll bites you!
* * * LOW HITPOINT WARNING * * *
The troll barely misses you. The troll claws you.
You die...

.. . #T ... #.
.....#.#########
...........T...#
.....#########.# ...
#.# # #T# #@# #.#
########.#
########........####
#.........#####....#
##.######..# ###..#
...# #..# ##...##
...#
####..#####..#..##
#..#
#........#...#...##


You could see a troll.

Vanquished Creatures
  Sigmund (D:4)
  An ice beast (D:5)
  A black bear (D:5)
  A gnoll sergeant (D:6)
  3 hounds
  A sleepcap (D:5)
  2 iguanas (D:5)
  2 orc wizards (D:5)
  4 gnolls
  8 adders
  A white imp (D:5)
  A dart slug (D:1)
  4 worms
  7 orcs (D:5)
  6 endoplasms
  2 giant cockroaches
  12 goblins
  6 hobgoblins
  5 quokkas
  4 ball pythons
  5 bats
  2 frilled lizards
  15 kobolds
  3 rats
97 creatures vanquished.

Notes
Turn   | Place    | Note
-------+----------+-------------------------------------------
     0 | D:1      | Essalna the Tengu Air Elementalist began the quest for the
                  | Orb.
     0 | D:1      | Reached XP level 1. HP: 10/10 MP: 4/4
   102 | D:1      | Reached XP level 2. HP: 11/16 MP: 0/6
   358 | D:1      | Reached skill level 1 in Fighting
   867 | D:1      | Reached XP level 3. HP: 20/20 MP: 0/7
  1669 | D:2      | Learned a level 2 spell: Static Discharge
  1673 | D:2      | Learned a level 3 spell: Swiftness
  2010 | D:3      | Reached XP level 4. HP: 26/26 MP: 3/8
  2120 | D:3      | Reached skill level 5 in Air Magic
  2836 | D:4      | Gained mutation: Your magical nature lets you fly swiftly
                  | and evasively. [Tengu growth]
  2836 | D:4      | Reached XP level 5. HP: 28/31 MP: 9/9
  3004 | D:4      | Noticed Sigmund
  3020 | D:4      | Killed Sigmund
  3021 | D:4      | Reached skill level 6 in Air Magic
  3021 | D:4      | Reached XP level 6. HP: 24/37 MP: 0/10
  3241 | D:4      | Found Gogonnah's Assorted Antiques.
  3451 | D:4      | Found a sparkling altar of Nemelex Xobeh.
  3534 | D:4      | Found Doqof's Jewellery Shop.
  3581 | D:4      | Found Lunegosm's Weapon Boutique.
  3678 | D:4      | Found Penku's Assorted Antiques.
  3876 | D:5      | Entered Level 5 of the Dungeon
  3894 | D:5      | Reached skill level 5 in Conjurations
  4306 | D:5      | Reached XP level 7. HP: 42/42 MP: 7/11
  4821 | D:5      | Reached skill level 7 in Air Magic
  5390 | D:6      | Reached XP level 8. HP: 40/48 MP: 2/12
  5480 | D:6      | Found a staircase to the Ecumenical Temple.
  5485 | Temple   | Entered the Ecumenical Temple
  5515 | Temple   | Became a worshipper of Vehumet
  5572 | D:6      | Noticed a troll
  5596 | D:6      | HP: 2/48 [troll (9)]
  5596 | D:6      | Slain by a troll

Illustrated notes

Levels and vault maps discovered:
D:1:      nicolae_arrival_somewhat_less_tricky_arrival, layout_basic,
          chequers_jeans
D:2:      layout_rooms
D:3:      layout_loops_ring
D:4:      layout_basic, nemelex_diamond_rough_becter, serial_shops,
          nicolae_shop_just_a_little_nook, shop, shop,
          nicolae_shop_hallway_plus, minmay_close_crescents, uniq_sigmund
D:5:      corexii_shantytown, layout_layer_cave,
          hangedman_abyss_or_decor_lesser_grid, st_stairs_8, hellmonk_no_cap
D:6:      layout_basic, okawaru_metal_pillars_1_2, minmay_temple_entry_arrows,
          uniq_eustachio
Temple:   nicolae_temple_figure_eight

Skill      XL: |  1  2  3  4  5  6  7 |
---------------+----------------------+-----
Conjurations   | 2 3 4 5 6 |  6.6
Fighting       | 1 2 3 4 |  4.9
Air Magic      | 5 6 7 |  7.6
Dodging        | |  2.1
Stealth        | |  2.0
Spellcasting   | |  2.0

Action                     |  1- 3 |  4- 6 |  7- 9 || total
---------------------------+-------+-------+-------++-------
  Melee: Unarmed           |     2 |       |       ||     2
         Mace              |     1 |    34 |     5 ||    40
         Kick              |     1 |     7 |     1 ||     9
         Peck              |       |     2 |       ||     2
   Cast: Shock             |    82 |    48 |    58 ||   188
         Static Discharge  |       |    10 |     7 ||    17
    Use: Scroll            |     1 |     2 |       ||     3
         Potion            |       |       |     2 ||     2
   Stab: Sleeping          |       |     2 |       ||     2
 Armour: Robe              |     2 |    12 |     8 ||    22
  Dodge: Dodged            |    18 |    43 |    26 ||    87

Table legend: (Time is in decaauts)
 A = Elapsed time spent in this place.
 B = Non-inter-level travel time spent in this place.
 C = Inter-level travel time spent in this place.
 D = Time resting spent in this place.
 E = Time spent auto-exploring this place.
 F = Levels seen in this place.
 G = Mean time per level.
                   A        B        C        D        E       F      G
               +--------+--------+--------+--------+--------+-----+--------+
         Total |   5450 |   5267 |    183 |      0 |   4669 |   7 |  778.6 |
       Dungeon |   5396 |   5264 |    132 |      0 |   4669 |   6 |  899.3 |
        Temple |     53 |      3 |     50 |      0 |      0 |   1 |   53.0 |
               +--------+--------+--------+--------+--------+-----+--------+

Top non-repeatable levels by time:
     D:5: 1369 daAuts
     D:1: 1200 daAuts
     D:4: 998 daAuts
     D:3: 898 daAuts
     D:2: 709 daAuts
     D:6: 221 daAuts
  Temple: 53 daAuts
